[Event "Titled Tuesday Blitz November 01 Late 2022"]
[White "Rangel, Daniel"]
[Black "Tayar, Jonathan"]
[WhiteFideId "2124475"]
[BlackFideId "2606534"]
[WhiteElo "2225"]
[BlackElo "2406"]
[Result "0-1"]
[Round "11"]
[TimeControl "180+1"]
[Date "2022.11.02"]
[WhiteClock "0:00:02"]
[BlackClock "0:01:02"]

1. c4 g6 2. g3 Bg7 3. Bg2 Nf6 4. e3 O-O 5. Ne2 d6 6. O-O e5 7. b3 Re8 8. Bb2 e4 9. d3 exd3 10. Qxd3 Bf5 11. Qd1 Be4 12. Bxe4 Nxe4 13. Bxg7 Kxg7 14. Qd4+ Kg8 15. Nbc3 Nc6 16. Qd3 Nc5 17. Qc2 Ne5 18. Nd4 c6 19. Rad1 Qd7 20. b4 Na6 21. Ne4 Qe7 22. a3 Rad8 23. Nd2 h5 24. N2f3 d5 25. Nxe5 Qxe5 26. b5 Nb8 27. bxc6 Nxc6 28. cxd5 Nxd4 29. Rxd4 Rxd5 30. Rxd5 Qxd5 31. Rd1 Qe6 32. Qc7 Re7 33. Rd8+ Kh7 34. Qb8 Qf6 35. Qxa7 Rxe3 36. Rd7 Re1+ 37. Kg2 Qc6+ 38. f3 Re2+ 39. Qf2 Rxf2+ 40. Kxf2 Qxd7 0-1


[Site "https://www.chess.com"]

[Event "Titled Tuesday Blitz November 01 Late 2022"]
[White "Roman, Rodrigo"]
[Black "Curtis, John"]
[WhiteFideId "3701220"]
[BlackFideId "3200256"]
[WhiteElo "2001"]
[BlackElo "2203"]
[Result "1-0"]
[Round "11"]
[TimeControl "180+1"]
[Date "2022.11.02"]
[WhiteClock "0:01:22"]
[BlackClock "0:00:08"]

1. e4 c5 2. Nf3 d6 3. d4 cxd4 4. Nxd4 Nf6 5. Nc3 a6 6. Bg5 e6 7. f4 Nbd7 8. Qf3 Qc7 9. O-O-O b6 10. Bd3 Bb7 11. Qh3 Nc5 12. Rhe1 Nxd3+ 13. Rxd3 Be7 14. e5 dxe5 15. fxe5 Ng8 16. Bxe7 Nxe7 17. Qg4 O-O 18. h4 Nd5 19. Rg3 g6 20. h5 Nxc3 21. hxg6 Nxa2+ 22. Kb1 fxg6 23. Qxe6+ Qf7 24. Qxf7+ Rxf7 25. Kxa2 Rf4 26. c3 Re8 27. e6 Re7 28. Re5 b5 29. Rc5 Kg7 30. Ka3 Kf6 31. Kb4 g5 32. Ka5 h5 33. Rgxg5 h4 34. Rh5 Bxg2 35. Kxa6 h3 36. Rcg5 Rxe6+ 37. Nxe6 Kxe6 38. Kxb5 Bf1+ 39. Kb6 Rf6 40. Kc5 Kf7 41. Rf5 Rxf5+ 42. Rxf5+ Kg6 43. Rxf1 h2 44. Rh1 Kf5 45. b4 Kf4 46. b5 Kg3 47. Rxh2 Kxh2 48. b6 Kg2 49. b7 Kf3 50. c4 Ke3 51. b8=B Kd3 1-0


[Site "https://www.chess.com"]

[Event "Titled Tuesday Blitz November 01 Late 2022"]
[White "Romero Ruscalleda, Josep"]
[Black "Golubova, Anna"]
[WhiteFideId "2231859"]
[BlackFideId "24173606"]
[WhiteElo "2312"]
[BlackElo "2047"]
[Result "1-0"]
[Round "11"]
[TimeControl "180+1"]
[Date "2022.11.02"]
[WhiteClock "0:00:16"]
[BlackClock "0:00:37"]

1. e4 g6 2. d4 Bg7 3. Nc3 d6 4. Be2 Nc6 5. Be3 e5 6. Nf3 Bg4 7. dxe5 Bxf3 8. Bxf3 dxe5 9. O-O Nd4 10. Be2 Ne7 11. Bc4 O-O 12. f4 c6 13. Qd2 b5 14. Bd3 b4 15. Na4 exf4 16. Bxf4 Ne6 17. Be3 Qa5 18. b3 Bxa1 19. Rxa1 Rfd8 20. Rf1 Rd7 21. Qf2 Nc8 22. Bc4 Nd6 23. Bxe6 fxe6 24. Qf6 Rf7 25. Qxe6 Qc7 26. Rxf7 Nxf7 27. Bd4 Qd6 28. Qxd6 Nxd6 29. e5 Nf5 30. Bc5 Re8 31. g4 Ne7 32. Bxb4 Nd5 33. Bd6 Ne3 34. Nc5 Nxc2 35. e6 Nd4 36. e7 Nb5 37. Ne4 Nxd6 38. Nxd6 Rxe7 39. Nc4 Re2 40. a4 Rc2 41. Ne5 Kg7 42. h4 Kf6 43. Nd7+ Ke7 44. Ne5 Ke6 45. Nf3 h6 46. Nd4+ Kd5 47. Nxc2 c5 48. Kf2 c4 49. b4 c3 50. Ke2 Kc4 51. g5 hxg5 52. hxg5 Kb3 53. Kd3 Kxa4 54. Kxc3 a6 55. Kc4 a5 56. bxa5 Kxa5 57. Kd5 Kb6 58. Ke6 Kc5 59. Kf6 Kc4 60. Kxg6 Kc3 61. Kf6 Kxc2 62. g6 Kc3 63. g7 Kc4 64. g8=Q+ Kb4 65. Qc8 Ka3 66. Ke5 Ka4 67. Kd4 Kb4 68. Qb7+ Ka3 69. Kc3 Ka2 70. Qb2# 1-0


[Site "https://www.chess.com"]

[Event "Titled Tuesday Blitz November 01 Late 2022"]
[White "Roque Sola, Gisela"]
[Black "Boidiya, Sidi"]
[WhiteFideId "5120241"]
[BlackFideId "19600100"]
[WhiteElo "1961"]
[BlackElo "2113"]
[Result "1-0"]
[Round "11"]
[TimeControl "180+1"]
[Date "2022.11.02"]
[WhiteClock "0:00:28"]
[BlackClock "0:00:07"]

1. e4 c5 2. Nf3 e6 3. d4 cxd4 4. Nxd4 Nf6 5. Nc3 Bb4 6. Bd3 Nc6 7. Nxc6 dxc6 8. O-O e5 9. Kh1 Ng4 10. f3 Nxh2 11. g3 Nxf1 12. Qxf1 Qf6 13. Be3 Be6 14. Na4 h5 15. Nc5 Bc8 16. Rd1 g5 17. Bc4 b6 18. Nd3 Bd6 19. Kg1 Bc7 20. Nb4 Bd7 21. Qd3 Rd8 22. Qe2 a5 23. Na6 Bd6 24. Bxb6 Rc8 25. Qd3 Ke7 26. Bc5 Bxc5+ 27. Nxc5 Be8 28. Qa3 Qh6 29. Nd7+ Kd8 30. Nxe5+ Kc7 31. Qxa5+ Kb7 32. Ba6+ Kb8 33. Qb6+ Ka8 34. Qb7# 1-0


[Site "https://www.chess.com"]

[Event "Titled Tuesday Blitz November 01 Late 2022"]
[White "Rosen, Eric"]
[Black "Leitao, Rafael"]
[WhiteFideId "2032562"]
[BlackFideId "2101246"]
[WhiteElo "2362"]
[BlackElo "2609"]
[Result "0-1"]
[Round "11"]
[TimeControl "180+1"]
[Date "2022.11.01"]
[WhiteClock "0:00:01"]
[BlackClock "0:00:59"]

1. d4 Nf6 2. Bf4 g6 3. Nc3 d5 4. e3 Bg7 5. h4 h5 6. Nf3 a6 7. Ne5 c5 8. dxc5 Qa5 9. Qd2 Qxc5 10. Na4 Qa7 11. Qa5 Nfd7 12. Qxd5 Nxe5 13. Bxe5 Be6 14. Qxe6 fxe6 15. Bxg7 b5 16. Bxh8 bxa4 17. Bd4 Qb7 18. Bd3 Kf7 19. Rh3 Qxg2 20. Rg3 Qh1+ 21. Kd2 Qxa1 22. Bxg6+ Kf8 23. Be4 e5 24. Rf3+ Ke8 25. Bxe5 Ra7 26. Bxb8 Rd7+ 27. Bd3 Qxb2 28. Ke2 Rxd3 29. Kxd3 Qxb8 30. Rf4 Qd6+ 31. Rd4 Qg6+ 0-1


[Site "https://www.chess.com"]

[Event "Titled Tuesday Blitz November 01 Late 2022"]
[White "Rustemov, Alexander"]
[Black "Kollars, Dmitrij"]
[WhiteFideId "4119002"]
[BlackFideId "12909572"]
[WhiteElo "2930"]
[BlackElo "2584"]
[Result "1/2-1/2"]
[Round "11"]
[TimeControl "180+1"]
[Date "2022.11.01"]
[WhiteClock "0:00:05"]
[BlackClock "0:00:05"]

1. d4 d5 2. c4 e6 3. Nc3 Nf6 4. cxd5 exd5 5. Bg5 Bb4 6. e3 h6 7. Bh4 g5 8. Bg3 h5 9. Be5 Nbd7 10. Bxf6 Qxf6 11. Bd3 c6 12. Qc2 Nb6 13. a3 Bd6 14. O-O-O Be6 15. Kb1 O-O-O 16. Nf3 g4 17. Ne1 h4 18. Ka1 Kb8 19. Qd2 Qh6 20. Nc2 Nc4 21. Bxc4 dxc4 22. e4 Qxd2 23. Rxd2 b5 24. Ne3 Bf4 25. Ne2 Bg5 26. Rhd1 Bc8 27. g3 Rhe8 28. e5 f6 29. exf6 Bxe3 30. fxe3 Rxe3 31. Rf1 Rf8 32. d5 Rf3 33. Rfd1 hxg3 34. Nxg3 Rf7 35. d6 Bd7 36. Ne4 Rf4 37. Nc5 R4xf6 38. Re1 Rf5 39. Re7 Kc8 40. Nxd7 Rf1+ 41. Ka2 Rxe7 42. dxe7 Re1 43. Nf6 Rxe7 44. Nxg4 Rh7 45. Nf6 Rh3 46. Ne4 Kc7 47. Rg2 Kb6 48. Kb1 a5 49. Kc2 b4 50. axb4 axb4 51. Nd2 Kb5 52. Nf1 b3+ 53. Kd2 Rd3+ 54. Kc1 Rf3 55. Nd2 Rh3 56. Rg5+ c5 57. Ne4 Rxh2 58. Nxc5 Rh1+ 59. Kd2 Rh2+ 60. Ke3 Rh3+ 61. Kd4 Rh4+ 62. Kd5 c3 63. bxc3 b2 64. Rg1 Rh5+ 65. Kd4 Rxc5 66. Rb1 Rc4+ 67. Kd3 Rh4 68. Rxb2+ Kc5 69. Rb4 Rxb4 70. cxb4+ Kxb4 1/2-1/2


[Site "https://www.chess.com"]

[Event "Titled Tuesday Blitz November 01 Late 2022"]
[White "Salman, Pavel"]
[Black "Valdes Romero, Leonardo"]
[WhiteFideId "24153753"]
[BlackFideId "6500331"]
[WhiteElo "2187"]
[BlackElo "2494"]
[Result "1-0"]
[Round "11"]
[TimeControl "180+1"]
[Date "2022.11.02"]
[WhiteClock "0:00:37"]
[BlackClock "0:00:13"]

1. d4 d6 2. c4 Nf6 3. Nc3 Nbd7 4. g3 e5 5. Bg2 Be7 6. dxe5 dxe5 7. Nf3 O-O 8. O-O c6 9. Qc2 a5 10. Rd1 Qc7 11. Bg5 Re8 12. h3 Nc5 13. Rd2 a4 14. Rad1 a3 15. b4 Na6 16. b5 Nc5 17. Bxf6 Bxf6 18. Ne4 Nxe4 19. Qxe4 g6 20. g4 Be6 21. bxc6 bxc6 22. Ne1 Rec8 23. Nd3 Ra4 24. Rc2 c5 25. Rb1 Rd8 26. Rb7 Qd6 27. Rb5 Rc8 28. Qb7 Qd4 29. Bd5 Re8 30. Bxe6 Rxe6 31. Rxc5 e4 32. Rc8+ Kg7 33. Nf4 Qd1+ 34. Kg2 Rd6 35. Qb3 Ra5 36. c5 1-0


[Site "https://www.chess.com"]

[Event "Titled Tuesday Blitz November 01 Late 2022"]
[White "Sanal, Vahap"]
[Black "Paravyan, David"]
[WhiteFideId "6300545"]
[BlackFideId "4194985"]
[WhiteElo "2574"]
[BlackElo "2555"]
[Result "1-0"]
[Round "11"]
[TimeControl "180+1"]
[Date "2022.11.01"]
[WhiteClock "0:01:45"]
[BlackClock "0:01:02"]

1. e4 e5 2. Nc3 Nf6 3. Bc4 Nc6 4. d3 Bb4 5. Ne2 d5 6. exd5 Nxd5 7. Bd2 Nxc3 8. bxc3 Bd6 9. O-O O-O 10. Ng3 Na5 11. Bd5 c6 12. Bf3 f5 13. c4 Bd7 14. Rb1 b6 15. Bc3 Nb7 16. Re1 Qc7 17. Nf1 Rae8 18. g3 Nc5 19. Bg2 Ne6 20. Nd2 c5 21. Bd5 Kh8 22. Nf3 Nd4 23. Ng5 Bc8 24. Nxh7 Rf7 25. Bxd4 cxd4 26. Ng5 Ree7 27. Qh5+ Kg8 28. Qh7+ Kf8 29. Qh8# 1-0


[Site "https://www.chess.com"]

[Event "Titled Tuesday Blitz November 01 Late 2022"]
[White "Sanchez, Robert"]
[Black "Do Nascimento,Christian Almeida"]
[WhiteFideId "2034360"]
[BlackFideId "2143801"]
[WhiteElo "2392"]
[BlackElo "2079"]
[Result "1-0"]
[Round "11"]
[TimeControl "180+1"]
[Date "2022.11.02"]
[WhiteClock "0:00:56"]
[BlackClock "0:00:46"]

1. e4 c5 2. Nf3 g6 3. d4 cxd4 4. Bc4 Nc6 5. c3 d3 6. Qxd3 Bg7 7. e5 Nh6 8. Bf4 O-O 9. O-O d6 10. exd6 Bf5 11. Qd2 Ng4 12. dxe7 Qxe7 13. Bd6 Qf6 14. Bxf8 Rxf8 15. h3 Nge5 16. Nxe5 Nxe5 17. Be2 Qh4 18. Qe3 Nc6 19. Nd2 Bh6 20. Nf3 Qh5 21. Qc5 Bf4 22. Nd4 Nxd4 23. Bxh5 Ne6 24. Qd5 Rd8 25. Qxd8+ Nxd8 26. Bf3 b6 27. Rfe1 Bg5 28. Rad1 Be6 29. Bd5 Kf8 30. Bxe6 Nxe6 31. Rxe6 fxe6 32. Rd7 1-0


[Site "https://www.chess.com"]

[Event "Titled Tuesday Blitz November 01 Late 2022"]
[White "Sargsyan, Anna M."]
[Black "Lehtosaari, Mauri"]
[WhiteFideId "13308130"]
[BlackFideId "501999"]
[WhiteElo "2284"]
[BlackElo "2504"]
[Result "1/2-1/2"]
[Round "11"]
[TimeControl "180+1"]
[Date "2022.11.02"]
[WhiteClock "0:00:14"]
[BlackClock "0:00:42"]

1. d4 d5 2. c4 c6 3. Nf3 Nf6 4. Nc3 dxc4 5. a4 Bf5 6. Ne5 Nbd7 7. Nxc4 Nb6 8. Nxb6 axb6 9. Bg5 e6 10. e3 Be7 11. Be2 h6 12. Bh4 Ne4 13. Bxe7 Qxe7 14. O-O Qb4 15. Bd3 Nxc3 16. bxc3 Qxc3 17. Bxf5 exf5 18. Qb1 Qa5 19. d5 O-O 20. Rd1 g6 21. d6 Rad8 22. Ra2 Rd7 23. e4 fxe4 24. Qxe4 Rfd8 25. Rad2 b5 26. axb5 Qxb5 27. h4 Qf5 28. Qb4 Qf6 29. g3 Kg7 30. Qc5 Qf5 31. Qb6 Qe5 32. Qb4 c5 33. Qb6 c4 34. Qb4 c3 35. Rd3 c2 36. Rc1 Rxd6 37. Rxd6 Rxd6 38. Rxc2 Rd1+ 39. Kh2 Qd5 40. Qc3+ Kh7 41. f3 b5 42. Rf2 Rd3 43. Qf6 b4 44. g4 b3 45. Kg2 Qe6 46. Qb2 Qd5 47. Qf6 Rd4 48. Kh3 Rd3 49. Kg2 1/2-1/2


[Site "https://www.chess.com"]

[Event "Titled Tuesday Blitz November 01 Late 2022"]
[White "Saucey, Michel"]
[Black "Petrova, Irina"]
[WhiteFideId "601845"]
[BlackFideId "14124122"]
[WhiteElo "2253"]
[BlackElo "2023"]
[Result "0-1"]
[Round "11"]
[TimeControl "180+1"]
[Date "2022.11.02"]
[WhiteClock "0:00:58"]
[BlackClock "0:00:05"]

1. d4 d6 2. e4 Nf6 3. Nc3 e5 4. Nf3 Nbd7 5. Bc4 Be7 6. O-O c6 7. a4 h6 8. Re1 Qc7 9. Ba2 g5 10. Be3 Nf8 11. Nd2 Ng6 12. f3 Bd7 13. Nf1 Nf4 14. Ng3 Kf8 15. Qd2 Kg7 16. Rad1 Rag8 17. Nf5+ Bxf5 18. exf5 Kf8 19. dxe5 dxe5 20. Ne4 Nxe4 21. fxe4 Kg7 22. Qc3 Rd8 23. Qc4 Bf6 24. g3 Nh3+ 25. Kg2 g4 26. b4 Ng5 27. a5 Nf3 28. Rf1 Rd7 29. Bxa7 Rf8 30. Bb6 Qc8 31. c3 Bd8 32. Be3 Bf6 33. h4 h5 34. Bc5 Rfd8 35. Rxd7 Rxd7 36. Rf2 Qd8 37. Be3 Ne1+ 38. Kf1 Nf3 39. Kg2 Ne1+ 40. Kf1 Nf3 41. Bb3 Rd1+ 42. Kg2 Rg1# 0-1


[Site "https://www.chess.com"]

[Event "Titled Tuesday Blitz November 01 Late 2022"]
[White "Seo, Jung Min"]
[Black "Kamsky, Gata"]
[WhiteFideId "1734687"]
[BlackFideId "2000024"]
[WhiteElo "2455"]
[BlackElo "2666"]
[Result "1/2-1/2"]
[Round "11"]
[TimeControl "180+1"]
[Date "2022.11.01"]
[WhiteClock "0:00:06"]
[BlackClock "0:00:19"]

1. e4 e6 2. d4 d5 3. Nd2 Nf6 4. e5 Nfd7 5. Bd3 c5 6. c3 Nc6 7. Ne2 Qb6 8. Nf3 cxd4 9. cxd4 Bb4+ 10. Kf1 f6 11. exf6 Nxf6 12. g3 O-O 13. Kg2 e5 14. dxe5 Ng4 15. Rf1 Rxf3 16. Kxf3 Nxh2+ 17. Kg2 Nxf1 18. Kxf1 Nxe5 19. Nf4 Bg4 20. Be2 Bxe2+ 21. Qxe2 Qd4 22. Ne6 Qe4 23. Qxe4 dxe4 24. Ng5 Rd8 25. Ke2 Nc6 26. Be3 Nd4+ 27. Bxd4 Rxd4 28. Rd1 Rxd1 29. Kxd1 e3 30. fxe3 Be7 31. Nf3 h5 32. Ke2 Kf7 33. b3 Ke6 34. e4 Bf6 35. Kd3 g5 36. Ng1 Be5 37. Ne2 Kf6 38. Ke3 g4 39. Nf4 Kg5 40. Ne6+ Kh6 41. Nf4 a6 42. a3 Bd6 43. a4 Kg5 44. Ne6+ Kf6 45. Nf4 Kg5 46. Ne6+ Kh6 47. Nf4 Be5 48. Ne2 Kg5 49. Kf2 h4 50. gxh4+ Kxh4 51. Nc1 Kh3 52. Nd3 Bd4+ 53. Kf1 g3 54. Nf4+ Kh2 55. Ng2 Kh3 56. Nf4+ Kg4 57. Ne2 Be5 58. Kg2 a5 59. Nc1 Kf4 60. Nd3+ Kxe4 61. Nc5+ Kd5 62. Nxb7 Bc7 63. Nxa5 Bxa5 64. Kxg3 Kc5 65. Kg2 Kb4 66. Kh1 Kxb3 67. Kg2 Kxa4 1/2-1/2


[Site "https://www.chess.com"]

[Event "Titled Tuesday Blitz November 01 Late 2022"]
[White "Shapiro, Daniel"]
[Black "Melikhov, Evgeny V."]
[WhiteFideId "2001780"]
[BlackFideId "4122046"]
[WhiteElo "2297"]
[BlackElo "2169"]
[Result "1-0"]
[Round "11"]
[TimeControl "180+1"]
[Date "2022.11.02"]
[WhiteClock "0:00:04"]
[BlackClock "0:00:02"]

1. d4 Nf6 2. c4 e6 3. g3 d5 4. Nf3 dxc4 5. Bg2 Nc6 6. Qa4 Bb4+ 7. Bd2 Bd6 8. Qxc4 O-O 9. Bf4 Qe7 10. Ne5 Bxe5 11. Bxe5 Nxe5 12. dxe5 Nd5 13. O-O c6 14. Nd2 f5 15. e4 Nb6 16. Qb3 f4 17. a4 Nd7 18. Nc4 Qc5 19. Rad1 Nxe5 20. Nd6 f3 21. Nxc8 fxg2 22. Qxe6+ Kh8 23. Kxg2 Raxc8 24. f4 Ng6 25. Rd7 Rce8 26. Qg4 Qc2+ 27. Rf2 Qxe4+ 28. Rf3 Qc2+ 29. Rf2 Qf5 30. Qxf5 Rxf5 31. Rxb7 Rd5 32. Rc2 h6 33. Rxa7 Re3 34. Rxc6 Rd2+ 35. Kh3 Nxf4+ 36. Kg4 Nd3 37. Rc8+ Kh7 38. Rcc7 Nf2+ 39. Kf5 Rf3+ 40. Ke5 Re2+ 41. Kd5 Rd3+ 42. Kc4 Rc2+ 43. Kb5 1-0


[Site "https://www.chess.com"]

[Event "Titled Tuesday Blitz November 01 Late 2022"]
[White "Shipov, Sergei"]
[Black "Galchenko, Matvey"]
[WhiteFideId "4113624"]
[BlackFideId "24175480"]
[WhiteElo "2778"]
[BlackElo "2423"]
[Result "1-0"]
[Round "11"]
[TimeControl "180+1"]
[Date "2022.11.01"]
[WhiteClock "0:01:02"]
[BlackClock "0:00:08"]

1. d4 d5 2. c4 e6 3. Nc3 c6 4. e4 dxe4 5. Nxe4 Bb4+ 6. Bd2 Qxd4 7. Bxb4 Qxe4+ 8. Be2 Na6 9. Ba5 b6 10. Qd6 Bd7 11. Bc3 f6 12. Nf3 Nh6 13. Nd2 Qf5 14. O-O-O Rd8 15. Qa3 Bc8 16. Rhe1 Kf7 17. Ne4 c5 18. Nd6+ Rxd6 19. Rxd6 Qxf2 20. Bf3 Nf5 21. Rdd1 Qh4 22. h3 Qxc4 23. Bh5+ g6 24. Be2 Qf4+ 25. Kb1 c4 26. g4 Ne3 27. Rd4 Qg3 28. Rc1 Qc7 29. Bd2 Nd5 30. Rdxc4 Qe5 31. Rxc8 Rxc8 32. Rxc8 Nc5 33. Qf3 Na4 34. Bc1 Nc5 35. Bc4 Ne7 36. Rh8 Kg7 37. Re8 Kf7 38. Rd8 Qh2 39. Rd2 Qe5 40. Re2 Qd4 41. Qc3 Qd6 42. Rf2 Ne4 43. Qe3 Nxf2 44. Qxf2 Qc6 45. Qe2 Nc8 46. h4 Nd6 47. Bd3 Qd5 48. a3 Ne8 49. Qe3 Nc7 50. Bc2 Kg7 51. Qh6+ Kg8 52. h5 f5 53. hxg6 hxg6 54. Qxg6+ Kf8 55. gxf5 exf5 56. Qxf5+ Qxf5 57. Bxf5 Ke7 58. Bd3 Ke6 59. Kc2 Kd5 60. Bf4 Ne6 61. Be3 Kc6 62. Kc3 Kd5 63. Bc4+ 1-0


[Site "https://www.chess.com"]

[Event "Titled Tuesday Blitz November 01 Late 2022"]
[White "Sokolovsky, Yahli"]
[Black "O`Gorman, Tom"]
[WhiteFideId "2820242"]
[BlackFideId "2508249"]
[WhiteElo "2316"]
[BlackElo "2271"]
[Result "0-1"]
[Round "11"]
[TimeControl "180+1"]
[Date "2022.11.01"]
[WhiteClock "0:00:02"]
[BlackClock "0:00:24"]

1. b3 e5 2. Bb2 Nc6 3. e3 Nf6 4. Nf3 e4 5. Nd4 d5 6. c4 Be7 7. cxd5 Nxd4 8. Bxd4 Qxd5 9. Nc3 Qg5 10. Qc2 Bf5 11. h4 Qg6 12. Be2 h5 13. O-O-O O-O 14. Rhg1 Rfd8 15. Kb2 c5 16. Be5 a6 17. Ka1 b5 18. Bc7 Rd7 19. Ba5 Rc8 20. g3 Bd6 21. Kb1 Be5 22. Rc1 c4 23. bxc4 bxc4 24. Ka1 Nd5 25. Rb1 Rc5 26. Qa4 Qf6 27. Rgc1 Nxc3 28. Bxc3 Rxd2 29. Qe8+ Kh7 30. Qxe5 Rxe5 31. Bxd2 Rb5+ 32. Bc3 Qd6 33. Bd4 Be6 34. Bd1 Qa3 35. Bc2 f5 36. Rb2 c3 37. Rb3 Bxb3 38. Bxb3 Qxc1# 0-1


[Site "https://www.chess.com"]

[Event "Titled Tuesday Blitz November 01 Late 2022"]
[White "Souleidis, Georgios"]
[Black "Malka, Samuel"]
[WhiteFideId "4206827"]
[BlackFideId "20643675"]
[WhiteElo "2401"]
[BlackElo "2460"]
[Result "1/2-1/2"]
[Round "11"]
[TimeControl "180+1"]
[Date "2022.11.02"]
[WhiteClock "0:00:06"]
[BlackClock "0:00:15"]

1. e4 c5 2. Be2 Nc6 3. d3 e6 4. f4 d5 5. Nf3 Bd6 6. O-O Nge7 7. c3 f6 8. a3 O-O 9. Be3 b6 10. g3 Bb7 11. b4 d4 12. cxd4 cxd4 13. Bf2 e5 14. fxe5 Bxe5 15. Qb3+ Kh8 16. Nbd2 b5 17. Rac1 Qd6 18. Qb2 Rac8 19. Nb3 Rcd8 20. Nc5 Bc8 21. a4 a6 22. axb5 axb5 23. Kg2 f5 24. Nxe5 Qxe5 25. Bf3 f4 26. Nb3 Qf6 27. Rc5 Ne5 28. Bxd4 Rxd4 29. Qxd4 N7c6 30. Rxc6 Nxc6 31. Qxf6 gxf6 32. gxf4 Nxb4 33. Be2 Nc2 34. Rc1 Ne3+ 35. Kf3 Ng4 36. Rxc8 Nxh2+ 37. Kg2 Rxc8 38. Kxh2 Rc2 39. Nd4 Rd2 40. Kg3 b4 41. Kf3 Kg7 42. Ke3 Rb2 43. Bd1 Rb1 44. Bc2 Re1+ 45. Kf2 Rh1 46. Kg2 Rc1 47. Bb3 Rc3 48. Bc4 h5 49. e5 fxe5 50. fxe5 Kf8 51. e6 Ke7 52. Kh3 b3 53. Nxb3 Rxd3+ 54. Bxd3 Kxe6 55. Kh4 Ke5 56. Kxh5 Kd5 57. Kg5 Ke5 58. Kg4 Kd5 59. Kf4 Ke6 60. Be4 Kf6 61. Nd4 Ke7 62. Ke5 Kf7 63. Bf5 Kg7 64. Nf3 Kf7 65. Ng5+ Kg7 66. Ke6 Kh8 67. Kf6 Kg8 68. Nf7 Kf8 69. Bh7 Ke8 70. Ne5 Kf8 71. Nd7+ Ke8 72. Ke6 Kd8 73. Kd6 Ke8 74. Bg6+ Kd8 75. Bf7 Kc8 76. Nc5 Kd8 77. Bg6 Kc8 78. Kc6 Kd8 79. Kd6 Kc8 80. Bh5 Kd8 81. Nb7+ Kc8 82. Kc6 Kb8 83. Bg4 Ka8 84. Nd6 Kb8 85. Bf3 Ka7 86. Be2 Kb8 87. Kb6 Ka8 88. Bc4 Kb8 89. Bb3 Ka8 90. Be6 Kb8 91. Nb5 Ka8 92. Bf5 Kb8 93. Na7 Ka8 94. Be4+ Kb8 95. Bf5 Ka8 96. Nb5 Kb8 97. Bh3 Ka8 98. Bg4 Kb8 99. Bf5 Ka8 100. Be4+ Kb8 101. Bd3 Kc8 102. Kc6 Kd8 103. Kd6 Ke8 104. Bg6+ Kf8 105. Ke6 Kg7 106. Be4 1/2-1/2


[Site "https://www.chess.com"]

[Event "Titled Tuesday Blitz November 01 Late 2022"]
[White "Storey, Charles H"]
[Black "Aizpurua, Patrick Emilio"]
[WhiteFideId "406686"]
[BlackFideId "6600522"]
[WhiteElo "2252"]
[BlackElo "2378"]
[Result "0-1"]
[Round "11"]
[TimeControl "180+1"]
[Date "2022.11.02"]
[WhiteClock "0:00:09"]
[BlackClock "0:00:36"]

1. c4 Nf6 2. g3 g6 3. Bg2 Bg7 4. Nc3 O-O 5. e4 d6 6. d3 e5 7. Nge2 a5 8. Rb1 Be6 9. a3 Nc6 10. b4 axb4 11. axb4 Ne7 12. O-O c6 13. f3 Nd7 14. Be3 f5 15. Qd2 d5 16. cxd5 cxd5 17. Bh6 d4 18. Nd1 Ra2 19. Rb2 Rxb2 20. Nxb2 fxe4 21. fxe4 Bxh6 22. Qxh6 Rxf1+ 23. Bxf1 Qa8 24. Nd1 Qa4 25. Nf2 Qxb4 26. h4 Qe1 27. h5 Nf6 28. Qg5 Kf7 29. Qxe5 Qxf2+ 30. Kxf2 Ng4+ 31. Ke1 Nxe5 32. hxg6+ hxg6 33. Nxd4 N7c6 34. Nb5 Kf6 35. Ke2 Nb4 36. Ke3 Nc2+ 37. Kd2 Nb4 38. Ke3 Bd7 39. Nc3 g5 40. d4 Nc2+ 41. Kd2 Nxd4 42. Nd5+ Ke6 43. Kc3 Nb5+ 44. Kb4 Nd4 45. Kc5 Nb3+ 46. Kb4 Nd2 47. Bg2 Kd6 48. Kc3 Ndc4 49. Kd4 Be6 50. Nc3 Nc6+ 51. Kd3 N4e5+ 52. Ke3 Kc5 53. Bf1 Bc4 54. Bh3 b5 55. Nd5 Bxd5 56. exd5 Kxd5 57. Bc8 b4 58. Kd2 Kd4 59. Kc2 Na5 60. Kb2 Nec4+ 61. Kc2 Ne3+ 62. Kb2 Nf1 63. g4 Ne3 64. Kc1 Kc3 65. Be6 b3 66. Bxb3 Nxb3+ 67. Kb1 Nxg4 0-1


[Site "https://www.chess.com"]

[Event "Titled Tuesday Blitz November 01 Late 2022"]
[White "Svane, Rasmus"]
[Black "Sarana, Alexey"]
[WhiteFideId "4657101"]
[BlackFideId "24133795"]
[WhiteElo "2674"]
[BlackElo "2689"]
[Result "1-0"]
[Round "11"]
[TimeControl "180+1"]
[Date "2022.11.01"]
[WhiteClock "0:00:08"]
[BlackClock "0:00:07"]

1. Nf3 d5 2. g3 g6 3. Bg2 Bg7 4. d4 c6 5. O-O Nf6 6. c4 dxc4 7. a4 O-O 8. Na3 Be6 9. Ng5 Bd5 10. e4 h6 11. exd5 hxg5 12. dxc6 Nxc6 13. Nxc4 Nxd4 14. Bxg5 Rc8 15. Rc1 Qd7 16. Re1 Rfd8 17. h4 Qf5 18. Re5 Qd7 19. Re1 Qf5 20. Bxb7 Ng4 21. Rf1 Rc7 22. Bg2 Qe6 23. Re1 Qf5 24. Rf1 Rdc8 25. Bh3 Nf3+ 26. Kg2 Ne1+ 27. Qxe1 Rxc4 28. Rxc4 Rxc4 29. Qxe7 Qd5+ 30. Kg1 Ne5 31. Bg2 Qd3 32. Re1 Nf3+ 33. Bxf3 Qxf3 34. Qe2 Qd5 35. b3 Rc3 36. b4 Ra3 37. a5 Ra2 38. Qe4 Qd6 39. Qe8+ Qf8 40. Qxf8+ Bxf8 41. Re8 Kg7 42. Bh6+ Kxh6 43. Rxf8 f5 44. Ra8 Ra4 45. Rxa7 Rxb4 46. a6 Ra4 47. Kg2 Ra3 48. Kf1 Ra2 49. f3 Ra1+ 50. Kf2 Ra3 51. Ra8 Kh7 52. a7 Kg7 53. Ke2 Kh7 54. Kd2 Kg7 55. Kc2 Ra4 56. Kb3 Ra1 57. Kc4 Rc1+ 58. Kd5 Ra1 59. Ke5 Ra5+ 60. Kf4 Ra3 61. Kg5 Ra5 62. f4 Ra3 63. g4 fxg4 64. Kxg4 Ra5 65. Kg3 Ra3+ 66. Kg2 Ra2+ 67. Kg1 Ra1+ 68. Kf2 Ra2+ 69. Ke1 Ra1+ 70. Kd2 Ra6 71. h5 gxh5 72. f5 h4 73. f6+ Kf7 74. Rh8 Ra2+ 75. Ke3 Ra3+ 76. Kd4 Ra4+ 77. Kc5 Rxa7 78. Rh7+ Kxf6 79. Rxa7 Kf5 80. Kd4 Kf4 81. Rf7+ Kg3 82. Ke3 h3 83. Rg7+ Kh2 84. Kf2 Kh1 85. Rh7 h2 86. Kg3 Kg1 87. Rxh2 Kf1 88. Rf2+ 1-0


[Site "https://www.chess.com"]

[Event "Titled Tuesday Blitz November 01 Late 2022"]
[White "Szpar, Milosz"]
[Black "Mendez Fortes, Eduardo Jesus"]
[WhiteFideId "1184989"]
[BlackFideId "3502376"]
[WhiteElo "2422"]
[BlackElo "2307"]
[Result "0-1"]
[Round "11"]
[TimeControl "180+1"]
[Date "2022.11.01"]
[WhiteClock "0:01:41"]
[BlackClock "0:00:40"]

1. e4 e5 2. Nf3 Nc6 3. Bb5 Nf6 4. d3 Bc5 5. c3 O-O 6. O-O d6 7. Re1 Bb6 8. Nbd2 Ne7 9. Nf1 Ng6 10. Ng3 c6 11. Ba4 Re8 12. d4 Bg4 13. Bc2 Bxf3 14. gxf3 h6 15. Nf5 Ne7 16. Ng3 Ng6 17. Nf5 d5 18. dxe5 Rxe5 19. f4 Rxe4 20. Bxe4 Nxe4 21. Be3 Qd7 22. Qh5 Bc7 23. Ng3 Bxf4 24. Rad1 Nf6 25. Qf5 Qc7 26. Bd4 Ne4 27. Nxe4 Bxh2+ 28. Kh1 dxe4 29. Rxe4 Bd6 30. Rg1 Rd8 31. Reg4 c5 32. Be3 Qc6+ 33. Qe4 Qd7 34. a4 Kh8 35. Qd5 Re8 36. Qh5 Re5 37. Qh3 Qe6 38. R4g3 Qd5+ 39. R3g2 Rh5 40. Qxh5 Qxh5+ 41. Rh2 Qxh2# 0-1


[Site "https://www.chess.com"]

[Event "Titled Tuesday Blitz November 01 Late 2022"]
[White "Tan, Ralph"]
[Black "Besedes, Danilo"]
[WhiteFideId "30966590"]
[BlackFideId "946796"]
[WhiteElo "2059"]
[BlackElo "2352"]
[Result "0-1"]
[Round "11"]
[TimeControl "180+1"]
[Date "2022.11.02"]
[WhiteClock "0:00:07"]
[BlackClock "0:00:52"]

1. Nf3 d6 2. d4 Nc6 3. g3 e5 4. Bg2 Nf6 5. O-O Be7 6. c4 O-O 7. Nc3 Bf5 8. b3 a5 9. Bb2 Re8 10. Nd5 Qc8 11. dxe5 dxe5 12. Nxe5 Nxe5 13. Bxe5 Nxd5 14. cxd5 Bc5 15. Bb2 Bh3 16. Rc1 Bd6 17. e3 a4 18. Qh5 Bxg2 19. Kxg2 axb3 20. axb3 Ra2 21. Bd4 Qd7 22. h4 h6 23. Qf3 b6 24. Rc6 Rea8 25. Rfc1 Rd2 26. Bc3 Rda2 27. Qe4 Re2 28. Qd4 f6 29. Qd3 Raa2 30. Rf1 Qg4 31. Rxd6 cxd6 32. Bd4 Rad2 33. Qc4 Qf5 34. Bxb6 Rxf2+ 35. Rxf2 Qxf2+ 36. Kh3 Qf5+ 37. g4 Qf3# 0-1


[Site "https://www.chess.com"]